 Dungeon Crawl Stone Soup version 0.28.0-45-g0d030f2227 (webtiles) character file.

Game seed: 8317444860999082534

1 101zpm the Caller (level 1, 0/10 HPs)
             Began as a Kobold Summoner on Apr 20, 2022.
             Slain by a kobold
             ... wielding a +0 whip
              (5 damage)
             ... on level 1 of the Dungeon.
             The game lasted 00:00:18 (69 turns).

101zpm the Caller (Kobold Summoner)                   Turns: 69, Time: 00:00:19

Health: 0/10       AC:  2    Str:  5    XL:     1   Next: 22%
Magic:  2/3        EV: 15    Int: 16    God:
Gold:   0          SH:  0    Dex: 15    Spells: 3/4 levels left

rFire   . . .      SeeInvis .   c - +0 dagger
rCold   . . .      Faith    .   (no shield)
rNeg    . . .      Spirit   .   a - +0 robe
rPois   .          Reflect  .   (no helmet)
rElec   .          Harm     .   (no cloak)
rCorr   .          Rampage  .   (no gloves)
Will    .....                   (no boots)
Stlth   +++.......              (no amulet)
HPRegen 0.03/turn               (no ring)
MPRegen 0.08/turn               (no ring)

@: no status effects
A: small, no large weapons, nightstalker 3
a: no special abilities


You were on level 1 of the Dungeon.
You visited 1 branch of the dungeon, and saw 1 of its levels.

Inventory:

Hand Weapons
 c - a +0 dagger (weapon)
Armour
 a - a +0 robe (worn)
Scrolls
 b - a scroll of blinking {unknown}


   Skills:
 + Level 2.4 Dodging
 + Level 2.7 Stealth
 + Level 2.2 Spellcasting
 + Level 4.0 Summonings


You had 3 spell levels left.
You knew the following spells:

 Your Spells              Type           Power      Damage    Failure   Level
a - Summon Small Mammal   Summ           56%        N/A       3%          1

Your spell library contained the following spells:

 Spells                   Type           Power      Damage    Failure   Level
 Call Imp                 Summ           14%        N/A       6%          2
 Call Canine Familiar     Summ           14%        N/A       12%         3
 Summon Guardian Golem    Hex/Summ       8%         N/A       26%         3
 Summon Lightning Spire   Summ/Air       8%         N/A       65%         4


Dungeon Overview and Level Annotations

Branches:
Dungeon (1/15)

Altars:


Innate Abilities, Weirdness & Mutations

You are small and have problems with some larger weapons.
You are completely attuned to the shadows.


Message History

Casting: Summon Small Mammal (safe; 4% risk of failure)
Press: ? - help, Q - select action Dir - look around, f - activate
Casting: Summon Small Mammal (safe; 4% risk of failure)
Press: ? - help, Q - select action Dir - look around, f - activate Your rat bites the kobold.
The kobold hits your rat with a +0 dagger.
Your rat completely misses the kobold.
The kobold hits your rat with a +0 dagger.
You swap places.
The kobold hits you but does no damage.
You hit the kobold.
You kill the kobold!
You see here a +0 dagger.
c - a +0 dagger
c - a +0 dagger (weapon)
Magic restored.
Your rat disappears in a puff of smoke!
Your rat disappears in a puff of smoke!
Found a glowing whip.
Found 20 stones.
A kobold comes into view. It is wielding a +0 whip.
A kobold is nearby!
The kobold completely misses you.
You barely miss the kobold. The kobold misses you.
You closely miss the kobold. The kobold hits you with a +0 whip.
You hit the kobold but do no damage. The kobold hits you with a +0 whip.
You are too injured to fight recklessly!
You are too injured to fight recklessly!
You are too injured to fight recklessly!
You are too injured to fight recklessly!
You are too injured to fight recklessly!
You are too injured to fight recklessly!
You are too injured to fight recklessly!
You are too injured to fight recklessly!
You are too injured to fight recklessly!
You are too injured to fight recklessly!
Casting: Summon Small Mammal (safe; 3% risk of failure)
Press: ? - help, Q - select action Dir - look around, f - activate The kobold hits you with a +0 whip.
Ouch! That really hurt!
You die...

# ..
...#####
...K@.r#
...###.#
.. #.# .
#.# #.#
#.# #.#
#.# #.#
#.# #.#


You could see a kobold (ally target) and a friendly quokka (summoned).

Vanquished Creatures
  A kobold (D:1)
1 creature vanquished.

Notes
Turn   | Place    | Note
-------+----------+-------------------------------------------
     0 | D:1      | 101zpm the Kobold Summoner began the quest for the Orb.
     0 | D:1      | Reached XP level 1. HP: 10/10 MP: 3/3
    69 | D:1      | Slain by a kobold

Illustrated notes

Levels and vault maps discovered:
D:1:      scummos_arrival_hexagon, layout_loops_ring,
          ebering_ecumenical_altar_webs

Action                   || total
-------------------------++-------
Melee: Dagger            ||     3
       Unarmed           ||     1
 Cast: Summon Small Mamm ||     3
Armor: Robe              ||     1
Dodge: Dodged            ||     2
